[Event "*** SCC Grand Prix: Titled Tuesday Blitz"]
[Site "Chess.com"]
[Date "2020.08.11"]
[Round "6"]
[White "Kildepiotr"]
[Black "Guenplen"]
[Result "1-0"]
[WhiteElo "2641"]
[BlackElo "2878"]
[TimeControl "180+1"]
[EndTime "11:09:53 PDT"]
[Termination "Kildepiotr won on time"]

1. Nf3 d5 2. g3 c6 3. Bg2 Bg4 4. O-O Nd7 5. d3 e5 6. Nbd2 Ngf6 7. e4 dxe4 8. dxe4 Bc5 9. Qe1 O-O 10. h3 Bh5 11.
Nb3 Bb6 12. Nh4 Re8 13. Nf5 Qc7 14. Be3 Bg6 15. Nh4 Rad8 16. Nxg6 hxg6 17. Rd1 Bxe3 18.
Qxe3 Qb6 19. Qc3 Nf8 20. Bf3 g5 21. Rxd8 Qxd8 22. Rd1 Qb6 23. a4 Qc7 24. Qd2 Ne6 25. Qd6 Rd8 26. Qxc7 Rxd1+ 27. Bxd1 Nxc7 28. Na5 b5 29. Nxc6 bxa4 30. f3 Nd7 31. Nxa7 Nc5 32. Kf2 Kf8 33.
Nc8 N7e6 34. Ke3 Nd4 35. Nb6 Nb5 36. c3 a3 37. bxa3 Nxa3 38. Be2 Nb1 39. Nd5 f6 40. Bd3 Na3 41. c4 Kf7 42. Kd2 g6 43. Kc3 Ke6 44. Be2 f5 45. exf5+ gxf5 46. Kb2 Nxc4+ 47. Bxc4 Kd6 48.
Kc3 f4 49. gxf4 gxf4 50. Nf6 Ke7 51. Ne4 Nd7 52. Bb5 Nf8 53. Kd2 Ne6 54. Be2 Nd4 55. Bd1 Kf7 56. Ke1 Kg6 57. Kf2 Kh5 58. Kg2 Nf5 59.
Ba4 Ne3+ 60. Kg1 Nf5 61. Bd7 Nd4 62. Bg4+ Kg6 63. h4 Nc2 64. Kg2 Ne3+ 65. Kh3 Nc2 66. h5+ Kh6 67. Nd6 Kg5 68. Ne4+ Kh6 69. Kh4 Ne3 70.
Nd6 Ng2+ 71. Kh3 Ne1 72. Nf7+ Kg7 73. Nxe5 Kf6 74. Nc4 Nd3 75. Kh4 Ne1 76. Nd6 Ng2+ 77. Kh3 Ne1 78. Ne4+ Kg7 79. Kh4 Nd3 80. Kg5 Kh8 81.
h6 Ne5 82. Kxf4 Ng6+ 83. Kg5 Ne7 84. f4 Nc6 85. f5 Ne5 86. f6 Nf7+ 87. Kh5 Ne5 88.
Be6 Ng6 89. f7 Nf4+ 90. Kg5 Nxe6+ 91. Kf6 Nf8 92. Ng5 Nd7+ 93. Ke7 Nf8 94. Ne6 Ng6+ 95. Kf6 Nf8 96. Nf4 Nd7+ 97. Ke7 1-0

[Event "*** SCC Grand Prix: Titled Tuesday Blitz"]
[Site "Chess.com"]
[Date "2020.08.11"]
[Round "6"]
[White "Panterov"]
[Black "djano"]
[Result "0-1"]
[WhiteElo "2215"]
[BlackElo "2414"]
[TimeControl "180+1"]
[EndTime "11:10:06 PDT"]
[Termination "djano won on time"]

1. e4 g6 2. g3 Bg7 3. Bg2 d6 4.
Ne2 c5 5. O-O Nc6 6. c4 e6 7.
Nbc3 Nge7 8. b3 Nd4 9. Bb2 Nec6 10. h3 O-O 11. Nxd4 Nxd4 12. d3 f5 13. Ne2 Nxe2+ 14. Qxe2 Bxb2 15. Qxb2 f4 16. Rfe1 e5 17. Qe2 Qg5 18.
g4 h5 19. f3 Be6 20. Qf2 hxg4 21. hxg4 Kg7 22. Kf1 a5 23. a4 Rh8 24. Ke2 Rh4 25. Rh1 Rah8 26. Rxh4 Rxh4 27. Rh1 Rxh1 28.
Bxh1 Qd8 29. Qh2 g5 30. Kd2 Bf7 31. Kc2 Qb6 32. Qd2 Qa7 33. Bg2 Qa8 34. Bf1 Qd8 35. Qh2 Bg6 36. Qd2 Qb6 37. Be2 Qa7 38. Bd1 Qa8 39. Qh2 Qd8 40. Qd2 Bf7 41. Qh2 Qb6 42. Qd2 Be6 43. Be2 Qd8 44. Bd1 b6 45. Qh2 Bf7 46. Be2 Qe8 47. Bf1 Be6 48. Be2 Qd7 49. Bd1 Qe7 50. Kb2 Bd7 51. Qh5 Be8 52. Qh2 Bg6 53. Be2 Qd8 54. Bf1 Qg8 55. Be2 Be8 56. Bf1 Qe6 57. Be2 Bg6 58.
Bd1 Qc8 59. Qh1 d5 60. cxd5 c4 61. dxc4 Qc5 62. Qe1 Qd4+ 63. Ka2 Be8 64. Qe2 Kf6 65. Bc2 Ke7 66. Qd3 Qf2 67. Ka3 Kd6 68. Kb2 Bd7 69.
Qd1 Be8 70. Qh1 Kc5 71. Qh6 Qd4+ 72. Ka2 Kb4 73. Qxg5 Kc3 74. Qh4 Kxc2 75. Qh2+ Kc3 76. Qb2+ Kd3 77. g5 Ke3 78. Qc1+ Kxf3 79. Qh1+ Kg3 80.
Qe1+ Qf2+ 81. Qxf2+ Kxf2 82. d6 Ke3 83. g6 Bxg6 84.
d7 f3 85. d8=Q f2 86. Qxb6+ Ke2 87. Qxg6 f1=Q 88. Qf5 Qg2 89. Qxe5 Kd3+ 90. Qb2 Qg8 91. e5 Qe8 92. Qb1+ Kc3 93. Qc1+ Kd3 94. Qd1+ Kc3 95. Qe1+ Kc2 96. e6 Qb8 97. Qe2+ Kc1 98. Qe3+ Kc2 99. Qe2+ Kc1 0-1

[Event "*** SCC Grand Prix: Titled Tuesday Blitz"]
[Site "Chess.com"]
[Date "2020.08.11"]
[Round "6"]
[White "Harsha_Bharathakoti"]
[Black "AnonymousIM2023"]
[Result "1-0"]
[WhiteElo "2851"]
[BlackElo "2655"]
[TimeControl "180+1"]
[EndTime "11:10:10 PDT"]
[Termination "Harsha_Bharathakoti won by resignation"]

1. Nf3 c5 2. e4 Nc6 3. Bb5 g6 4. Bxc6 dxc6 5. h3 Qc7 6. O-O e5 7. d3 Nf6 8. Be3 Nh5 9. a3 a5 10.
Nbd2 f6 11. Nc4 Be6 12. Qe2 Be7 13. b4 axb4 14. axb4 O-O 15. bxc5 Bxc4 16. dxc4 Ng7 17. Nd2 Ne6 18. Nb3 Rfd8 19. g3 Qd7 20. Kg2 Qe8 21. Rfb1 Qf7 22. Qe1 Nd4 23. Bxd4 exd4 24. Qe2 Rxa1 25.
Rxa1 Bf8 26. Rd1 h5 27. h4 Kh7 28. Rxd4 Rxd4 29. Nxd4 Bxc5 30. Nf3 Be7 31. e5 fxe5 32. Qxe5 Bf6 33. Qd6 Kg7 34. Ne5 Bxe5 35. Qxe5+ Kh7 36. c5 Qd7 37. c3 Qf7 38. Qd6 Kg7 39. Qd4+ Kh7 40. c4 Qe7 41. Kf3 Qf7+ 42. Ke3 Qe7+ 43. Kd3 Qf7 44. Kc3 Qe7 45. Qe3 Qf6+ 46. Kb3 Qa1 47.
Kc2 Qa2+ 48. Kd3 Qb3+ 49. Kd4 Qb2+ 50. Ke4 Qf6 51. Qd4 Qe6+ 52. Kf3 Qf5+ 53. Kg2 Qf7 54. f3 Qe7 55. Kf2 Qf7 56. Qe4 Qf8 57. Qe5 Qf7 58. Qd4 Qe7 59. Kf1 Qf7 60. Kg2 Qe7 61. Kf2 Qf7 62. g4 hxg4 63. Qxg4 Qe7 64. Qd4 Qe6 65. Kg3 Qe7 66. Qd6 Qe1+ 67. Kg4 Qg1+ 68. Kf4 Qh2+ 69. Ke4 Qxh4+ 70. Ke5 Qg3+ 71. Ke6 Qxf3 72. Qe7+ Kh6 73. Qxb7 Qe4+ 74. Kd6 Qxc4 75. Qxc6 g5 76. Qh1+ Kg6 77. Qb1+ Kh6 78. c6 Qd4+ 79. Kc7 g4 80. Kb7 Qd5 81.
Qc1+ Kh5 82. Kb6 Qd6 83. Qh1+ Kg5 84. Qc1+ Kh4 85. Kb5 Qd5+ 86. Kb6 Qd6 87. Kb7 Qd5 88.
Kb8 Qb5+ 89. Ka7 Qa5+ 90. Kb7 Qb5+ 91. Kc8 Qf5+ 92. Kd8 Qf6+ 93. Kd7 Qf7+ 94. Kd6 Qf6+ 95. Kc5 Qe5+ 96. Kb6 Qb8+ 97. Ka6 Qa8+ 98. Kb5 Qb8+ 99.
Kc4 Qd6 100. Qh1+ Kg5 101. Qd5+ Qxd5+ 102. Kxd5 g3 103. c7 g2 104. c8=Q Kf4 105. Qc5 Kg3 106. Qg1 Kf3 107. Kd4 1-0

[Event "*** SCC Grand Prix: Titled Tuesday Blitz"]
[Site "Chess.com"]
[Date "2020.08.11"]
[Round "7"]
[White "GracefulYear"]
[Black "Sekar24"]
[Result "0-1"]
[WhiteElo "2369"]
[BlackElo "2508"]
[TimeControl "180+1"]
[EndTime "11:11:58 PDT"]
[Termination "Sekar24 won by resignation"]

1. d4 Nf6 2. c4 e6 3. Nf3 d5 4. g3 dxc4 5. Bg2 a6 6. O-O Nc6 7. a4 Bd7 8. Qc2 b5 9. b3 cxb3 10. Qxb3 bxa4 11. Qxa4 Bd6 12. Ba3 O-O 13. Bb4 Nxb4 0-1

[Event "*** SCC Grand Prix: Titled Tuesday Blitz"]
[Site "Chess.com"]
[Date "2020.08.11"]
[Round "7"]
[White "lucasmito"]
[Black "LiemLe"]
[Result "1/2-1/2"]
[WhiteElo "2622"]
[BlackElo "2942"]
[TimeControl "180+1"]
[EndTime "11:12:45 PDT"]
[Termination "Game drawn by repetition"]

1. e4 c6 2. d4 d5 3. Nc3 dxe4 4. Nxe4 Bf5 5. Ng3 Bg6 6. h4 h6 7. h5 Bh7 8. Nf3 e6 9. Bd3 Bxd3 10. Qxd3 Nf6 11.
Bd2 c5 12. O-O-O Nc6 13. Bc3 Qd5 14. dxc5 Qxd3 15. Rxd3 Bxc5 16. Bxf6 gxf6 17. Ne4 Be7 18. Nd6+ Bxd6 19. Rxd6 Rg8 20. g3 Rd8 21. Rxd8+ Kxd8 22. c4 f5 23. Kc2 f4 24. gxf4 Rg2 25. Rh2 Rg4 26.
Rh4 Rg2 27. Rh2 Rg4 28. Rh4 Rg2 29. Rh2 1/2-1/2

[Event "*** SCC Grand Prix: Titled Tuesday Blitz"]
[Site "Chess.com"]
[Date "2020.08.11"]
[Round "7"]
[White "TudorAnton"]
[Black "AJSC02"]
[Result "0-1"]
[WhiteElo "2519"]
[BlackElo "2270"]
[TimeControl "180+1"]
[EndTime "11:12:52 PDT"]
[Termination "AJSC02 won by resignation"]

1. d4 Nf6 2. Nc3 d5 3. Bg5 Nbd7 4. Nf3 h6 5. Bh4 e6 6. e3 Be7 7. Be2 O-O 8. O-O c5 9. dxc5 Nxc5 10. Re1 b6 11. Nd4 Bb7 12. Bf3 Nfe4 13. Bxe7 Qxe7 14. Nxe4 dxe4 15. Be2 Rfd8 16. Qc1 Rac8 17. c3 Nd3 18. Bxd3 exd3 19. e4 Rxd4 0-1

[Event "*** SCC Grand Prix: Titled Tuesday Blitz"]
[Site "Chess.com"]
[Date "2020.08.11"]
[Round "7"]
[White "Micki-taryan"]
[Black "Kildepiotr"]
[Result "1-0"]
[WhiteElo "3047"]
[BlackElo "2640"]
[TimeControl "180+1"]
[EndTime "11:12:55 PDT"]
[Termination "Micki-taryan won by resignation"]

1. d4 c5 2. d5 e5 3. Nc3 d6 4. e4 Be7 5. Nf3 Bg4 6. b3 a6 7. a4 Nd7 8. h3 Bxf3 9. Qxf3 Bg5 10. Bb2 Ne7 11. h4 Bh6 12. g3 O-O 13. Bh3 f5 14. exf5 g6 15. g4 gxf5 16. gxf5 Nf6 17. Ne4 Nexd5 18.
Ng5 Qa5+ 19. Kf1 Kh8 20. Rd1 Nf4 21. Rxd6 Qc7 22. Bxe5 1-0

[Event "*** SCC Grand Prix: Titled Tuesday Blitz"]
[Site "Chess.com"]
[Date "2020.08.11"]
[Round "7"]
[White "Donskov_AN"]
[Black "chito89"]
[Result "0-1"]
[WhiteElo "2561"]
[BlackElo "2753"]
[TimeControl "180+1"]
[EndTime "11:13:01 PDT"]
[Termination "chito89 won by checkmate"]

1. e4 c5 2. Nf3 e6 3. d4 cxd4 4.
Nxd4 a6 5. Nc3 Qc7 6. Be2 b5 7. O-O Bb7 8. Bf3 Ne7 9. Re1 Nec6 10. e5 Nxd4 11. Bxb7 Qxb7 12. Qxd4 Nc6 13. Qg4 Nb4 14. Re2 Rc8 15. Bg5 Rc4 16. Qg3 h5 17. Rd1 Rg4 18. Qe3 Qxg2# 0-1

[Event "*** SCC Grand Prix: Titled Tuesday Blitz"]
[Site "Chess.com"]
[Date "2020.08.11"]
[Round "7"]
[White "KyrgyzFighter"]
[Black "Margarita2907"]
[Result "0-1"]
[WhiteElo "2309"]
[BlackElo "2106"]
[TimeControl "180+1"]
[EndTime "11:13:28 PDT"]
[Termination "Margarita2907 won by resignation"]

1. c4 e6 2. Nc3 Nf6 3. e4 d5 4. e5 d4 5. exf6 dxc3 6. bxc3 Qxf6 7. Nf3 Bd6 8. Bd3 O-O 9. Be4 c6 10. O-O Nd7 11. d4 Bf4 12. Ba3 Rd8 13. Qc2 g6 14. d5 cxd5 15. cxd5 exd5 16. Bxd5 Ne5 17. c4 Rxd5 18.
cxd5 Nxf3+ 19. gxf3 Qg5+ 20. Kh1 Qh4 0-1

[Event "*** SCC Grand Prix: Titled Tuesday Blitz"]
[Site "Chess.com"]
[Date "2020.08.11"]
[Round "7"]
[White "grunbergmihai"]
[Black "secretsuperstar7"]
[Result "1-0"]
[WhiteElo "2452"]
[BlackElo "2125"]
[TimeControl "180+1"]
[EndTime "11:13:54 PDT"]
[Termination "grunbergmihai won by resignation"]

1. Nf3 d5 2. c4 e6 3. g3 Nf6 4.
Bg2 dxc4 5. O-O Nc6 6. Qa4 Be7 7.
Ne5 Nd5 8. Nxc6 bxc6 9. Qxc6+ Bd7 10. Qxc4 O-O 11. Nc3 c6 12. d4 a5 13. Bd2 Bc8 14.
Qxc6 Ba6 15. Nxd5 exd5 16. Qxd5 Qxd5 17. Bxd5 Rad8 18. Bb3 Rxd4 19. Bxa5 Re4 20. Rfe1 Bxe2 21. Bc3 Bf3 22. Rxe4 Bxe4 23. Re1 Bf3 24. Rxe7 Rd8 25.
Rxf7 1-0

[Event "*** SCC Grand Prix: Titled Tuesday Blitz"]
[Site "Chess.com"]
[Date "2020.08.11"]
[Round "7"]
[White "Roaccutane"]
[Black "chessfrendz"]
[Result "1-0"]
[WhiteElo "2566"]
[BlackElo "2261"]
[TimeControl "180+1"]
[EndTime "11:13:54 PDT"]
[Termination "Roaccutane won by resignation"]

1. d4 d6 2. Nc3 Nf6 3. e4 g6 4.
Bg5 Bg7 5. e5 dxe5 6. dxe5 Qxd1+ 7. Rxd1 Ng4 8. Nd5 Bxe5 9. Nf3 Bd6 10. Bxe7 Bxe7 11. Nxc7+ Kf8 12. Nxa8 Be6 13. Nc7 Bxa2 14. h3 Nf6 15. Ra1 Be6 16. Nxe6+ fxe6 17. Rxa7 Nc6 18. Rxb7 Nd5 19. Bc4 Na5 20. Bxd5 Nxb7 21. Bxb7 Kg7 22. O-O Rb8 23. Be4 Rxb2 24. Rd1 Bc5 25. Rd7+ Kf6 26. Rxh7 Rb1+ 27. Kh2 Be3 28. fxe3 1-0

[Event "*** SCC Grand Prix: Titled Tuesday Blitz"]
[Site "Chess.com"]
[Date "2020.08.11"]
[Round "7"]
[White "juancruzarias"]
[Black "Srchesschilango"]
[Result "1-0"]
[WhiteElo "2364"]
[BlackElo "2214"]
[TimeControl "180+1"]
[EndTime "11:13:56 PDT"]
[Termination "juancruzarias won by resignation"]

1. e4 c6 2. d4 d5 3. exd5 cxd5 4. Bf4 Nc6 5. c3 Nf6 6. Bd3 Bg4 7. Qb3 Qc8 8. Nd2 e6 9. Ngf3 Be7 10. O-O O-O 11.
Rfe1 Rd8 12. h3 Bxf3 13. Nxf3 Bd6 14. Bxd6 Rxd6 15. Ne5 Nxe5 16. dxe5 Rb6 17. Qc2 Ne4 18. Bxe4 dxe4 19. Rxe4 Qc6 20. Rd4 g6 21. Rad1 Rb5 22. Qe2 Qb6 23. b3 Qa5 24. Re4 Rc5 25. b4 1-0

[Event "*** SCC Grand Prix: Titled Tuesday Blitz"]
[Site "Chess.com"]
[Date "2020.08.11"]
[Round "7"]
[White "penguingm1"]
[Black "GM_Levan_Pantsulaia"]
[Result "1-0"]
[WhiteElo "3004"]
[BlackElo "2802"]
[TimeControl "180+1"]
[EndTime "11:14:24 PDT"]
[Termination "penguingm1 won on time"]

1. d4 Nf6 2. c4 c5 3. d5 e6 4.
Nc3 exd5 5. cxd5 d6 6. e4 g6 7.
Nge2 Bg7 8. Ng3 h5 9. Be2 h4 10. Nf1 Na6 11. Bg5 Qa5 12. Nd2 h3 13. g4 Bd7 14.
Nc4 Qc7 15. Bf4 Bf8 16. e5 dxe5 17. Bxe5 Qd8 18. g5 1-0

[Event "*** SCC Grand Prix: Titled Tuesday Blitz"]
[Site "Chess.com"]
[Date "2020.08.11"]
[Round "7"]
[White "Sanyura"]
[Black "Aygehovit1992"]
[Result "0-1"]
[WhiteElo "2404"]
[BlackElo "2625"]
[TimeControl "180+1"]
[EndTime "11:14:39 PDT"]
[Termination "Aygehovit1992 won by resignation"]

1. Nf3 Nf6 2. g3 g6 3. d3 Bg7 4. Nbd2 O-O 5. Bg2 a5 6. O-O a4 7. e4 d6 8. c3 e5 9. Ne1 Nc6 10. f4 exf4 11. gxf4 d5 12. e5 Nh5 13.
d4 Bh6 14. f5 Be3+ 15. Kh1 Qh4 16. Rf3 Bxd2 17. Bxd2 Bxf5 18. Bh6 Rfe8 19. Qd2 Be4 20. Rh3 Qxh3 0-1

[Event "*** SCC Grand Prix: Titled Tuesday Blitz"]
[Site "Chess.com"]
[Date "2020.08.11"]
[Round "7"]
[White "Yoshikrov"]
[Black "Evachess2006"]
[Result "1-0"]
[WhiteElo "2142"]
[BlackElo "1633"]
[TimeControl "180+1"]
[EndTime "11:14:41 PDT"]
[Termination "Yoshikrov won by resignation"]

1. e4 e5 2. Nf3 Nc6 3. d4 exd4 4. Nxd4 d6 5. Nc3 Nf6 6. f3 Be7 7. Be3 Bd7 8. Qd2 O-O 9. O-O-O Re8 10. Kb1 Bf8 11. g4 Be6 12. h4 Nd7 13. Nxe6 Rxe6 14. f4 Nf6 15. Qg2 a5 16. h5 b5 17. Bxb5 Qd7 18.
e5 Ne8 19. Bxc6 1-0

[Event "*** SCC Grand Prix: Titled Tuesday Blitz"]
[Site "Chess.com"]
[Date "2020.08.11"]
[Round "7"]
[White "sorito"]
[Black "Zmeeed63"]
[Result "1-0"]
[WhiteElo "2461"]
[BlackElo "2214"]
[TimeControl "180+1"]
[EndTime "11:14:46 PDT"]
[Termination "sorito won by resignation"]

1. Nf3 d5 2. g3 Nf6 3. Bg2 e6 4. d3 Be7 5. Nbd2 c5 6. O-O Nc6 7. e4 b6 8. Re1 Bb7 9. c3 Qc7 10. a3 dxe4 11. dxe4 O-O 12. Qc2 Rad8 13. a4 Ne5 14. Nxe5 Qxe5 15. Nc4 Qb8 16. e5 Nd5 17. Be4 g6 18. h4 h5 19. Bxg6 fxg6 20. Qxg6+ Kh8 21.
Qh6+ Kg8 22. Qg6+ Kh8 23. Qxh5+ Kg8 24. Qg6+ Kh8 25. Bh6 Rg8 26. Qh5 Rge8 27. Nd6 Bxd6 28. exd6 Rd7 29. Bf4+ Rh7 30. Be5+ Kg8 31. Qg6+ 1-0

[Event "*** SCC Grand Prix: Titled Tuesday Blitz"]
[Site "Chess.com"]
[Date "2020.08.11"]
[Round "7"]
[White "Lupul_Cenusiu"]
[Black "140mariam"]
[Result "1-0"]
[WhiteElo "2498"]
[BlackElo "2346"]
[TimeControl "180+1"]
[EndTime "11:14:51 PDT"]
[Termination "Lupul_Cenusiu won by resignation"]

1. d4 e6 2. c4 d5 3. Nf3 Be7 4. Nc3 Nf6 5. cxd5 exd5 6. Bf4 c6 7. Qc2 Bg4 8. e3 Bxf3 9. gxf3 Qa5 10. Qb3 Nbd7 11.
Qxb7 O-O 12. Qb3 c5 13. Bh3 cxd4 14. exd4 Nb6 15. O-O Nc4 16. Rab1 Nh5 17. Be5 Nd2 18. Qxd5 Qxd5 19. Nxd5 Bh4 20. Rfd1 Nxb1 21. Rxb1 Nf6 22. Ne7+ Kh8 23. Nf5 Bg5 24. f4 Bh6 25. Nxh6 gxh6 26.
Bxf6+ Kg8 27. d5 Rfb8 28. d6 Rb6 29. Rd1 1-0

[Event "*** SCC Grand Prix: Titled Tuesday Blitz"]
[Site "Chess.com"]
[Date "2020.08.11"]
[Round "7"]
[White "Jadeit90"]
[Black "redbaron8888"]
[Result "1-0"]
[WhiteElo "2268"]
[BlackElo "2400"]
[TimeControl "180+1"]
[EndTime "11:14:53 PDT"]
[Termination "Jadeit90 won by resignation"]

1. c4 e5 2. g3 Nf6 3. Bg2 Bc5 4.
Nc3 a6 5. d3 d6 6. Nf3 Nc6 7.
O-O h6 8. a3 O-O 9. b4 Bb6 10.
Nd5 Nxd5 11. cxd5 Ne7 12. Qb3 Qe8 13. Bb2 Bd7 14. Rac1 f5 15. Nd2 Kh8 16. Nc4 Ba7 17.
Na5 Qc8 18. Rc2 Bb6 19. Rfc1 f4 20. Nc4 Ba7 21. Nxd6 cxd6 22. Rxc8 Raxc8 23. Rxc8 Bxc8 24. Bf3 fxg3 25. hxg3 Nf5 26. Kg2 Bd7 27. a4 Ne7 28.
b5 axb5 29. axb5 Bc5 30. Ba3 b6 31. Bxc5 dxc5 32. d6 Nc8 33. Qd5 Na7 34. Qb7 1-0

[Event "*** SCC Grand Prix: Titled Tuesday Blitz"]
[Site "Chess.com"]
[Date "2020.08.11"]
[Round "7"]
[White "serena-maria"]
[Black "canary2016"]
[Result "1-0"]
[WhiteElo "2278"]
[BlackElo "1877"]
[TimeControl "180+1"]
[EndTime "11:14:57 PDT"]
[Termination "serena-maria won by checkmate"]

1. Nf3 d5 2. g3 Nf6 3. Bg2 c6 4. O-O Bg4 5. h3 Bh5 6. d4 e6 7. c4 Bd6 8. Nc3 Nbd7 9. Qb3 Qc7 10. c5 Be7 11. Bf4 Qc8 12. g4 Bg6 13. Bg3 O-O 14. Qa3 b6 15. b4 a5 16. bxa5 bxc5 17. Rfc1 cxd4 18. Qxe7 dxc3 19. Rxc3 Rxa5 20. Rac1 Ra6 21. Nd4 Re8 22. Nxc6 Rxc6 23. Rxc6 Qxc6 24. Qxe8+ Nxe8 25. Rxc6 Nef6 26. Rc8+ Nf8 27. Bd6 Nd7 28. a4 Bb1 29. a5 Ba2 30. a6 Bc4 31. a7 Bxe2 32. a8=Q Bc4 33. Rxf8+ Nxf8 34. Qxf8# 1-0

[Event "*** SCC Grand Prix: Titled Tuesday Blitz"]
[Site "Chess.com"]
[Date "2020.08.11"]
[Round "7"]
[White "ValeriyGrinev"]
[Black "Orest_Vovk"]
[Result "1-0"]
[WhiteElo "2637"]
[BlackElo "2450"]
[TimeControl "180+1"]
[EndTime "11:14:59 PDT"]
[Termination "ValeriyGrinev won by resignation"]

1. d4 Nf6 2. c4 e5 3. dxe5 Ng4 4. Nf3 Nc6 5. Bg5 Be7 6. Bxe7 Qxe7 7. Nc3 Ngxe5 8. Nd5 Nxf3+ 9. gxf3 Qd8 10. Rg1 O-O 11.
Qd2 Kh8 12. Qc3 f6 13. e3 d6 14. f4 Ne7 15. Bd3 c6 16. Nxe7 Qxe7 17. O-O-O Be6 18. Rg3 d5 19. Rdg1 Rg8 20. cxd5 Bxd5 21. Bxh7 Bxa2 22. Bxg8 Bxg8 23. Rxg7 Qe4 24. Qxf6 Qc4+ 25. Qc3 1-0

[Event "*** SCC Grand Prix: Titled Tuesday Blitz"]
[Site "Chess.com"]
[Date "2020.08.11"]
[Round "7"]
[White "mfwagnerpeixoto"]
[Black "kakakz"]
[Result "1/2-1/2"]
[WhiteElo "2285"]
[BlackElo "2432"]
[TimeControl "180+1"]
[EndTime "11:14:59 PDT"]
[Termination "Game drawn by agreement"]

1. e4 e6 2. d4 d5 3. Nd2 c5 4. c3 Nf6 5. Bd3 cxd4 6. cxd4 dxe4 7. Nxe4 Nc6 8. Nf3 Be7 9. O-O O-O 10. Be3 b6 11.
Nxf6+ Bxf6 12. Bxh7+ Kxh7 13. Qc2+ Kg8 14. Qxc6 Ba6 15.
Rfc1 Qe7 16. Ne5 Bb7 17. Qc7 Rac8 18. Qxe7 Bxe7 19. Rxc8 Rxc8 20. Rc1 Rxc1+ 21. Bxc1 Bd5 22. a3 f6 23. Nd3 Bc4 24. Ne1 a5 25. Bd2 Kf7 1/2-1/2

[Event "*** SCC Grand Prix: Titled Tuesday Blitz"]
[Site "Chess.com"]
[Date "2020.08.11"]
[Round "7"]
[White "parintele_chess"]
[Black "MF1966Idrisov"]
[Result "0-1"]
[WhiteElo "2117"]
[BlackElo "2381"]
[TimeControl "180+1"]
[EndTime "11:15:02 PDT"]
[Termination "MF1966Idrisov won by resignation"]

1. d4 d6 2. c4 f5 3. Nc3 e6 4.
Nf3 Nf6 5. g3 Be7 6. Bg2 O-O 7.
O-O Ne4 8. Qc2 Nxc3 9. Qxc3 Bf6 10. Qc2 e5 11. dxe5 dxe5 12. Rd1 Qe7 13. e4 Nc6 14. Be3 f4 15. gxf4 exf4 16. Bxf4 Bxb2 17. Qxb2 Rxf4 18.
Qd2 Rg4 19. h3 Rg6 20. Qe3 Bxh3 0-1

[Event "*** SCC Grand Prix: Titled Tuesday Blitz"]
[Site "Chess.com"]
[Date "2020.08.11"]
[Round "7"]
[White "wannabe2700"]
[Black "talman67"]
[Result "1-0"]
[WhiteElo "2672"]
[BlackElo "2496"]
[TimeControl "180+1"]
[EndTime "11:15:06 PDT"]
[Termination "wannabe2700 won by resignation"]

1. e4 e5 2. Nf3 Nc6 3. Bb5 a6 4. Ba4 Nf6 5. O-O Nxe4 6. d4 b5 7. Bb3 d5 8. dxe5 Be6 9. Be3 Be7 10. Nbd2 O-O 11. Re1 Bg4 12. h3 Bh5 13. Nxe4 dxe4 14. Qd5 exf3 15. Qxc6 fxg2 16. Qxg2 Qc8 17. Bd5 Rb8 18.
Ba7 Qf5 19. Bxb8 Rxb8 20. Be4 Qe6 21. a4 b4 22. f4 Bc5+ 23. Kh1 f5 24. Bd5 1-0

[Event "*** SCC Grand Prix: Titled Tuesday Blitz"]
[Site "Chess.com"]
[Date "2020.08.11"]
[Round "7"]
[White "GelmanAlexander"]
[Black "Irishchessman16"]
[Result "0-1"]
[WhiteElo "2569"]
[BlackElo "2386"]
[TimeControl "180+1"]
[EndTime "11:15:08 PDT"]
[Termination "Irishchessman16 won by resignation"]

1. d4 Nf6 2. Nc3 d5 3. Bf4 e6 4.
Nb5 Na6 5. e3 c5 6. g4 h6 7. c3 Be7 8. a4 O-O 9. h4 e5 10. dxe5 Nxg4 11. Nf3 Nc7 12. Nxc7 Qxc7 13. Qxd5 Bd7 14. e6 Bxe6 15. Qe4 Bd6 16. Bxd6 Qxd6 17.
Rd1 Qxd1+ 0-1

[Event "*** SCC Grand Prix: Titled Tuesday Blitz"]
[Site "Chess.com"]
[Date "2020.08.11"]
[Round "7"]
[White "jacky72"]
[Black "a3aki"]
[Result "0-1"]
[WhiteElo "2574"]
[BlackElo "2114"]
[TimeControl "180+1"]
[EndTime "11:15:10 PDT"]
[Termination "a3aki won by checkmate"]

1. d4 Nf6 2. c4 g6 3. Nc3 Bg7 4. e4 d6 5. Be2 O-O 6. Bg5 Na6 7. Qd2 e5 8. d5 Qe8 9. f3 Nd7 10. h4 f6 11. Be3 f5 12. h5 f4 13. Bf2 Ndc5 14. hxg6 hxg6 15. Nh3 Qe7 16. O-O-O Nb4 17. Kb1 a5 18. Nb5 b6 19. a3 Nba6 20. g4 fxg3 21. Be3 g2 22. Rh2 Qh4 23. Bg5 Qg3 24. Rxg2 Qxg2 25. Ng1 Bd7 26. Be3 Bxb5 27. cxb5 Nb8 28. b4 axb4 29. axb4 Nb3 30. Qb2 Ra1+ 31.
Kc2 Rxd1 32. Kxd1 Nd4 33. Bxd4 exd4 34. Qc2 Qxg1+ 35. Kd2 Qe3+ 36. Kd1 Bh6 37. e5 Qd2+ 38. Qxd2 Bxd2 39. Kxd2 dxe5 40. Bc4 Kg7 41. Kd3 Kf6 42.
Ke4 Nd7 43. d6 cxd6 44. Kd5 Ke7 45. Kc6 Rc8+ 46. Kb7 Rxc4 47. Ka6 d3 48. Kb7 d2 49. Ka7 d1=Q 50. Kb7 Qd5+ 51. Ka7 Rc7+ 52. Ka6 Qa8# 0-1

[Event "*** SCC Grand Prix: Titled Tuesday Blitz"]
[Site "Chess.com"]
[Date "2020.08.11"]
[Round "7"]
[White "MuhittinBuker"]
[Black "alfiefischer77"]
[Result "1-0"]
[WhiteElo "2015"]
[BlackElo "2271"]
[TimeControl "180+1"]
[EndTime "11:15:13 PDT"]
[Termination "MuhittinBuker won by resignation"]

1. c4 Nf6 2. Nf3 e6 3. Nc3 Bb4 4. g3 c5 5. Bg2 O-O 6. O-O Nc6 7. a3 Ba5 8. d3 d5 9. cxd5 Nxd5 10. Ne4 b6 11.
Qc2 Bb7 12. b3 Rc8 13. Bb2 Qe7 14. Rac1 Rfd8 15. Qb1 e5 16. Qa1 f6 17. Rfd1 h6 18. Qa2 Kh8 19. Nh4 Qe8 20. Nf5 Nce7 21. Ned6 Qd7 22. Nf7+ Kg8 23. Nxd8 Rxd8 24. Nxe7+ Nxe7 25. b4+ 1-0

[Event "*** SCC Grand Prix: Titled Tuesday Blitz"]
[Site "Chess.com"]
[Date "2020.08.11"]
[Round "7"]
[White "Cambek64"]
[Black "Juanovic"]
[Result "1-0"]
[WhiteElo "2312"]
[BlackElo "2076"]
[TimeControl "180+1"]
[EndTime "11:15:14 PDT"]
[Termination "Cambek64 won by resignation"]

1. e4 c5 2. Nf3 d6 3. c3 Nf6 4.
Bd3 Nc6 5. O-O g6 6. h3 Bg7 7. Re1 e5 8. Bf1 O-O 9. d4 Qc7 10. Na3 a6 11. d5 Ne7 12. b4 b6 13. Rb1 h6 14. Nc4 cxb4 15. cxb4 Bd7 16. Nfxe5 dxe5 17. d6 Qd8 18. dxe7 Qxe7 19. Nxb6 Ra7 20. Be3 Bb5 21. Bc5 Qe6 22. a4 Bxf1 23. Kxf1 Re8 24. Qb3 Rb7 25. Qxe6 Rxe6 26. a5 Nd7 27. Nxd7 Rxd7 28.
Rbd1 Rb7 29. Rd8+ Kh7 30. Red1 f5 31. R1d7 Rxd7 32. Rxd7 Kg8 33. Rd6 Rxd6 34. Bxd6 Kf7 35. b5 axb5 36. a6 Ke6 37. Bb4 1-0

[Event "*** SCC Grand Prix: Titled Tuesday Blitz"]
[Site "Chess.com"]
[Date "2020.08.11"]
[Round "7"]
[White "Anuar_Is"]
[Black "exoticprincess"]
[Result "1-0"]
[WhiteElo "2711"]
[BlackElo "2821"]
[TimeControl "180+1"]
[EndTime "11:15:15 PDT"]
[Termination "Anuar_Is won by resignation"]

1. e4 c6 2. d4 d5 3. e5 Bf5 4. Nf3 e6 5. Be2 Ne7 6. O-O h6 7. Nbd2 Bh7 8. Re1 Ng6 9. Nf1 c5 10. c4 Nc6 11. cxd5 exd5 12. Ng3 cxd4 13. Nxd4 Bc5 14.
Nxc6 bxc6 15. Bd3 O-O 16. a3 Re8 17. b4 Bd4 18. Bxg6 Bxa1 19. Bxh7+ Kxh7 20. Bf4 g5 21. Nh5 Re6 22. Bg3 Kg6 23. f4 f5 24. exf6 Rxe1+ 25.
Bxe1 Bxf6 26. Qc2+ Kxh5 27. Qf5 1-0

[Event "*** SCC Grand Prix: Titled Tuesday Blitz"]
[Site "Chess.com"]
[Date "2020.08.11"]
[Round "7"]
[White "Sacbutt"]
[Black "BlackWidow515"]
[Result "1-0"]
[WhiteElo "2174"]
[BlackElo "2078"]
[TimeControl "180+1"]
[EndTime "11:15:19 PDT"]
[Termination "Sacbutt won by resignation"]

1. e4 e5 2. Nf3 Nc6 3. Bc4 Be7 4.
d4 exd4 5. Nxd4 d6 6. Nxc6 bxc6 7. Qh5 g6 8. Qf3 Nf6 9. Bh6 Bg4 10. Qc3 d5 11. exd5 cxd5 12. Bb5+ Bd7 13. Bxd7+ Qxd7 14. O-O O-O-O 15. Bg7 Ne4 16. Qa5 Bc5 17. Bxh8 Rxh8 18.
Nc3 Nxc3 19. Qxc3 1-0